 Dungeon Crawl Stone Soup version 0.30-a0-364-gf6b3ef1049 (webtiles) character file.

Game seed: 3020343648111203671

640283 Devinter the Metallomancer (level 27, -9/151 HPs)
             Began as a Gargoyle Earth Elementalist on Nov 11, 2022.
             Was the Champion of Vehumet.
             Killed by divine providence
             ... invoked by a balrug
              (10 damage)
             ... in Pandemonium on Nov 14, 2022.
             The game lasted 10:34:17 (63075 turns).

Devinter the Metallomancer (GrEE)                  Turns: 63075, Time: 10:34:18

Health: -9/151     AC: 56    Str: 13    XL:     27
Magic:  11/49      EV:  7    Int: 27    God:    Vehumet [******]
Gold:   3515       SH: 32    Dex: 14    Spells: 25/70 levels left

rFire   + + +      SeeInvis +    T - +6 sacred scourge (holy)
rCold   + + .      Faith    .    q - +18 shield of the Gong {rElec rN+ Will+ EV-5}
rNeg    + + +      Spirit   .    b - +9 ice dragon scales
rPois   ∞          Reflect  .    x - +1 helmet {SInv}
rElec   +          Harm     .    Q - +0 cloak "Coimp" {rPois Dex+4}
rCorr   .          Rampage  .    z - +1 pair of gloves of the Morning {Drain rPois rC+ Slay+5}
Will    +++..      Archmagi +    O - +2 pair of boots of Dishonour {rN+ Str-2 SInv}
Stlth   +.........               D - amulet of magic regeneration
HPRegen 0.45/turn                Z - ring of Modesty {Wiz rF+++ rC- rN+ SInv}
MPRegen 0.71/turn                Y - ring of the Mage {Wiz Archmagi}

@: flying, slightly contaminated, hasted, studying 3 skills, very quick
A: sickness immunity, AC +20, big wings, negative energy resistance 1,
electricity resistance, torment resistance 1, petrification resistance, fire
resistance 1, frail 1, mutation resistance 1, screaming 1
}: 5/15 runes: serpentine, barnacled, slimy, silver, glowing
a: Renounce Religion


You were in Pandemonium.
You worshipped Vehumet.
Vehumet was exalted by your worship.
You visited 10 branches of the dungeon, and saw 47 of its levels.
You visited Pandemonium 1 time, and saw 7 of its levels.
You also visited: Ossuary, Bailey, Gauntlet and Ice Cave.

You collected 8393 gold pieces.
You spent 4878 gold pieces at shops.

Inventory:

Hand Weapons
 l - the +11 morningstar of Entrepreneurial Spirit {vorpal, rElec rN+ Int+5 Stlth-}
   (You found it on level 5 of the Vaults)

   It inflicts extra damage upon your enemies.
   Int:       It affects your intelligence (+5).
   rElec:     It insulates you from electricity.
   rN:        It protects you from negative energy.
   Stlth:     It makes you less stealthy.
 u - a +9 eveningstar of freezing
 v - the +1 spear of Callousness {freeze, rPois rC+++ rCorr Int-4}
   (You found it on level 1 of the Orcish Mines)

   It freezes those it strikes, dealing additional cold damage.
   It can also slow down cold-blooded creatures.
   Int:       It affects your intelligence (-4).
   rC:        It renders you almost immune to cold.
   rPois:     It protects you from poison.
   rCorr:     It protects you from acid and corrosion.
 A - the +8 trident of the Lumpy Hosts {freeze, Will+++ MP+9 Int+4}
   (You took it off a deep elf annihilator on level 3 of the Elven Halls)

   It freezes those it strikes, dealing additional cold damage.
   It can also slow down cold-blooded creatures.
   Int:       It affects your intelligence (+4).
   MP:        It affects your magic capacity (+9).
   Will:      It greatly increases your willpower.
 T - a +6 sacred scourge of holy wrath (weapon)
Missiles
 f - 5 datura-tipped darts
 h - 24 curare-tipped darts
 j - 6 throwing nets
 N - 16 javelins (quivered)
Armour
 b - +9 ice dragon scales (worn)
 q - the +18 shield of the Gong (worn) {rElec rN+ Will+ EV-5}
   (You found it in a Gauntlet)

   It is deafeningly noisy when blocking attacks.
   EV:        It affects your evasion (-5).
   rElec:     It insulates you from electricity.
   rN:        It protects you from negative energy.
   Will:      It increases your willpower.
 x - a +1 helmet of see invisible (worn)
 z - the +1 pair of gloves of the Morning (worn) {Drain rPois rC+ Slay+5}
   (You found it in Pandemonium)

   Slay:      It affects your accuracy & damage with ranged weapons and melee
   (+5).
   rC:        It protects you from cold.
   rPois:     It protects you from poison.
   Drain:     It drains your maximum health when unequipped.
 F - the +2 pair of gloves of Distant Worlds {Str+6}
   (You acquired it on level 2 of the Depths)

   Str:       It affects your strength (+6).
 O - the +2 pair of boots of Dishonour (worn) {rN+ Str-2 SInv}
   (You bought it in a shop on level 2 of the Orcish Mines)

   Str:       It affects your strength (-2).
   rN:        It protects you from negative energy.
   SInv:      It lets you see invisible.
 Q - the +0 cloak "Coimp" (worn) {rPois Dex+4}
   (You found it in a Gauntlet)

   Dex:       It affects your dexterity (+4).
   rPois:     It protects you from poison.
Jewellery
 y - the ring "Ricw" {rC+ Will++ EV+4 Str-3}
   (You took it off a deep elf annihilator on level 3 of the Elven Halls)

   [ring of evasion]

   EV:        It affects your evasion (+4).
   Str:       It affects your strength (-3).
   rC:        It protects you from cold.
   Will:      It greatly increases your willpower.
 D - an amulet of magic regeneration (around neck)
 Y - the ring of the Mage (right hand) {Wiz Archmagi}
   (You bought it in a shop on level 2 of the Depths)

   [ring of wizardry]

   It improves your spell success rate.
   Archmagi:  It increases the power of your magical spells.
 Z - the ring of Modesty (left hand) {Wiz rF+++ rC- rN+ SInv}
   (You bought it in a shop on level 2 of the Orcish Mines)

   [ring of wizardry]

   It improves your spell success rate.
   rF:        It renders you almost immune to fire.
   rC:        It makes you vulnerable to cold.
   rN:        It protects you from negative energy.
   SInv:      It lets you see invisible.
Wands
 t - a wand of charming (18)
 K - a wand of digging (12)
 P - a wand of roots (26)
 R - a wand of acid (18)
 X - a wand of mindburst (12)
Scrolls
 g - 8 scrolls of poison
 m - 8 scrolls of butterflies
 n - 26 scrolls of teleportation
 r - 8 scrolls of blinking
 J - 2 scrolls of enchant armour
 S - 7 scrolls of magic mapping
 V - 9 scrolls of fear
Potions
 a - 10 potions of brilliance
 d - 3 potions of berserk rage
 e - 20 potions of curing
 k - 5 potions of cancellation
 o - 2 potions of haste
 w - 5 potions of heal wounds
 B - 5 potions of mutation
 C - 6 potions of ambrosia
 G - 6 potions of resistance
 H - 4 potions of invisibility
 I - 8 potions of might
Miscellaneous
 c - a tin of tremorstones (2/2)
 i - a phantom mirror
 p - a condenser vane
 s - a box of beasts
 E - a phantom mirror
 L - a phantom mirror
 M - a phantom mirror
 U - a phantom mirror
 W - a phial of floods


   Skills:
 - Level 16.0 Fighting
 + Level 13.6(13.9) Maces & Flails
 - Level 9.5(10.0) Polearms
 - Level 5.0(12.0) Staves
 - Level 16.0 Armour
 - Level 10.0 Dodging
 - Level 3.0 Stealth
 - Level 16.0 Shields
 - Level 22.0 Spellcasting
 - Level 14.0 Conjurations
 - Level 2.0 Hexes
 - Level 8.0 Summonings
 - Level 2.0 Transmutations
 - Level 8.0 Ice Magic
 - Level 6.0 Air Magic
 - Level 24.0 Earth Magic
 - Level 5.0 Evocations


You had 25 spell levels left.
You knew the following spells:

 Your Spells              Type           Power      Damage    Failure   Level
c - Lee's Rapid Deconstr  Erth           63%        3d29*     0%          5
d - Iron Shot             Conj/Erth      57%        9d11      1%          6
e - Lehudib's Crystal Sp  Conj/Erth      57%        10d13     2%          8
f - Shatter               Erth           63%        3d47*     4%          9
g - Wereblood             Tmut           57%        N/A       1%          2
h - Frozen Ramparts       Ice            100%       1d16      1%          3
i - Freezing Cloud        Conj/Ice/Air   44%        6-21      1%          5
j - Spellforged Servitor  Conj/Summ      46%        N/A       8%          7

Your spell library contained the following spells:

 Spells                   Type           Power      Damage    Failure   Level
 Magic Dart               Conj           100%       1d8       0%          1
 Sandblast                Erth           100%       2d20      0%          1
 Stone Arrow              Conj/Erth      100%       3d13      0%          3
 Beastly Appendage        Tmut           100%       N/A       1%          1
 Foxfire                  Conj/Fire      100%       2x1d9     1%          1
 Kiss of Death            Conj/Necr      100%       2d13      1%          1
 Summon Small Mammal      Summ           100%       N/A       1%          1
 Call Imp                 Summ           83%        N/A       1%          2
 Ensorcelled Hibernation  Hex/Ice        100%       N/A       1%          2
 Momentum Strike          Conj/Tloc      100%       3d10      1%          2
 Passwall                 Tmut/Erth      82%        N/A       1%          2
 Poisonous Vapours        Pois/Air       100%       N/A       1%          2
 Searing Ray              Conj           100%       2d8       1%          2
 Call Canine Familiar     Summ           83%        N/A       1%          3
 Hailstorm                Conj/Ice       93%        3d18      1%          3
 Inner Flame              Hex/Fire       51%        N/A       1%          3
 Kindle Blastsparks       Fire/Tloc/Air  100%       2d18      1%          3
 Mephitic Cloud           Conj/Pois/Air  78%        N/A       1%          3
 Ozocubu's Armour         Ice            83%        N/A       1%          3
 Summon Guardian Golem    Hex/Summ       71%        N/A       1%          3
 Swiftness                Air            75%        N/A       1%          3
 Vhi's Electric Charge    Tloc/Air       100%       N/A       1%          3
 Animate Armour           Summ/Erth      100%       N/A       1%          4
 Flame Wave               Conj/Fire      79%        2d17      1%          4
 Fulminant Prism          Conj/Hex       41%        3d19      1%          4
 Iskenderun's Mystic Bla  Conj/Tloc      79%        2d16      1%          4
 Leda's Liquefaction      Hex/Erth       49%        N/A       1%          4
 Petrify                  Tmut/Erth      99%        N/A       1%          4
 Summon Ice Beast         Ice/Summ       83%        N/A       1%          4
 Summon Lightning Spire   Summ/Air       79%        N/A       1%          4
 Arcjolt                  Conj/Air       45%        1d55      1%          5
 Borgnjor's Vile Clutch   Necr/Erth      48%        N/A       1%          5
 Fireball                 Conj/Fire      39%        3d16      1%          5
 Iskenderun's Battlesphe  Conj           100%       2d15      1%          5
 Apportation              Tloc           88%        N/A       2%          1
 Necrotise                Necr           100%       1d9       2%          1
 Confusing Touch          Hex            57%        N/A       2%          3
 Ignite Poison            Fire/Tmut/Pois 49%        N/A       2%          3
 Tukima's Dance           Hex            57%        N/A       2%          3
 Ice Form                 Ice/Tmut       71%        N/A       2%          4
 Conjure Ball Lightning   Conj/Air       45%        3x3d16    2%          6
 Orb of Destruction       Conj           51%        9d13      2%          7
 Spider Form              Tmut/Pois      51%        N/A       4%          3
 Vampiric Draining        Necr           44%        2d9       6%          3
 Metabolic Englaciation   Hex/Ice        35%        N/A       7%          5
 Cause Fear               Hex            28%        N/A       9%          4
 Olgreb's Toxic Radiance  Pois           44%        N/A       9%          4
 Yara's Violent Unravell  Hex/Tmut       28%        3d12      10%         5
 Silence                  Hex/Air        33%        N/A       11%         5
 Summon Forest            Summ/Tloc      33%        N/A       11%         5
 Anguish                  Hex/Necr       25%        N/A       13%         4
 Dispel Undead            Necr           44%        3d17      19%         4
 Passage of Golubria      Tloc           44%        N/A       19%         4
 Blade Hands              Tmut           28%        N/A       22%         5
 Ozocubu's Refrigeration  Ice            41%        4d16      24%         7
 Alistair's Intoxication  Tmut/Pois      34%        N/A       32%         5
 Agony                    Necr           44%        N/A       45%         5
 Simulacrum               Ice/Necr       33%        N/A       45%         6
 Summon Hydra             Summ           41%        N/A       50%         7
 Eringya's Noxious Bog    Tmut/Pois      25%        N/A       54%         6
 Haunt                    Necr/Summ      33%        N/A       94%         7
 Storm Form               Tmut/Air       33%        N/A       94%         7
 Maxwell's Capacitive Co  Air            37%        ∞         95%         8
 Borgnjor's Revivificati  Necr           22%        N/A       100%        8
 Discord                  Hex            28%        N/A       100%        8
 Ignition                 Fire           22%        3d8       100%        8
 Infestation              Necr           22%        N/A       100%        8
 Necromutation            Tmut/Necr      25%        N/A       100%        8
 Chain Lightning          Conj/Air       45%        3d60      100%        9
 Fire Storm               Conj/Fire      39%        8d10      100%        9
 Polar Vortex             Ice            41%        N/A       100%        9
 Cigotuvi's Dreadful Rot  Necr/Pois/Air  Unusable   N/A       N/A         2
 Statue Form              Tmut/Erth      Unusable   N/A       N/A         6
 Sublimation of Blood     Necr           Unusable   N/A       N/A         2

Dungeon Overview and Level Annotations

Branches:
Dungeon (15/15)            Temple (1/1) D:6            Lair (5/5) D:10
 Shoals (4/4) Lair:3        Snake (4/4) Lair:3        Slime (5/5) Lair:4
    Orc (2/2) D:12            Elf (3/3) Orc:2        Vaults (5/5) D:14
  Crypt (0/3) Vaults:3     Depths (3/4) D:15        Ossuary (visited)
 Bailey (visited)           IceCv (visited)         Gauntlet (visited)

Altars:
Ashenzari
Cheibriados
Dithmenos
Elyvilon
Fedhas
Gozag
Hepliaklqana
Kikubaaqudgha
Makhleb
Nemelex Xobeh
Okawaru
Qazlal
Ru
Sif Muna
Trog
Uskayaw
Vehumet
Wu Jian
Xom
Yredelemnul
Zin
The Shining One
Jiyva
Lugonu

Shops:
D:4 **   D:5 (   D:15 (   Orc:2 **(=[   Elf:2 ([   Shoals:1 (   Snake:1 ([*
Vaults:3 [   Depths:1 ?   Depths:2 =:=   Depths:3 [[![

Portals:
Hell: Depths:1 Depths:2 Depths:3
Abyss: Lair:5 Depths:3
Pandemonium: Depths:2
Ziggurat: Depths:1

Annotations:
D:1 27 exclusions
D:9 2 transporters, paps's ghost, novice DESu
Vaults:1 1 transporter
Depths:1 Ziggurat entrance
Pan Cerebov


Innate Abilities, Weirdness & Mutations

You are immune to sickness and miasma.
Your stone body is resilient. (AC +20)
You are immune to poison.
Your large and strong wings let you fly.
You resist negative energy. (rN+)
You are resistant to electric shocks. (rElec)
You are resistant to unholy torment.
You are immune to petrification.
Your flesh is heat resistant. (rF+)
You are frail. (-10% HP)
You are somewhat resistant to further mutation.
You occasionally shout uncontrollably at your foes.


Message History

You are contaminated with residual magic.
Rocks fall onto you out of nowhere.
* * * LOW MAGIC WARNING * * *
You block the balrug's attack.
GONNNNG!
You hear a shout! x2; You hear a screech!
Unknown command.
Cerebov gestures.
Cerebov seems to speed up.
You feel less contaminated with magical energies.
Casting: Shatter (dangerous; 4% risk of failure)
Confirm with . or Enter, or press ? or * to list all spells.
You feel a surge of power!
The dungeon rumbles!
You kill the balrug!
Vehumet accepts your kill.
You feel your power returning.
Cerebov is moderately wounded.
The balrug is heavily wounded.
You kill the balrug!
Vehumet accepts your kill.
You feel your power returning.
Ka-crash!
* * * LOW MAGIC WARNING * * *
You hear a shout!
You feel much better. You block Cerebov's attack.
GONNNNG!
Casting: Shatter (dangerous; 4% risk of failure)
Confirm with . or Enter, or press ? or * to list all spells.
Aiming: Lehudib's Crystal Spear (dangerous; 2% risk of failure)
Press: ? - help, Shift-Dir - straight line, f - Cerebov
Aim: Cerebov, wielding the +6 sword of Cerebov {flame} (moderately wounded, fast, 87% to hit)
You feel a surge of power!
The crystal spear hits Cerebov!!!
Cerebov is moderately wounded.
* * * LOW MAGIC WARNING * * *
Cerebov gestures at you. The iron shot hits you!!!
* * * LOW HITPOINT WARNING * * *
The balrug gestures at you. Something smites you!
You die...

...........#,,*,,*,*,,,*,*,,*#.#*
.........#.####+**,,,,...#*+*#.#*
...........'..#,,,,,,,....,,*#.#,
.........#.#..#,,,,,,.....,,*#.#*
...........#..#,,,,,,....,,,*#.#*
.........#.#..#,,,,*☼..#,,,,*#.#,
.).).......#..#,,,##☼○.##,,,*#.#*
.))..#.#.#.#...###.R....##***#.#*
.#.#.......#....@&2.......,###.#,
##.###'#######..#######.##*#...#*
.....#.#####################.'###
##.###.......................#...
##3###########################|[.
.....# #.##..##..##..##..##..#...
.#.#.# #.....................####
.....###.........................
.....3...........................


You could see Cerebov (fast), a balrug and an efreet.

Vanquished Creatures
  the Royal Jelly (Slime:5)
  2 dread liches (Vaults:5)
  An ancient lich (Depths:1)
  Mara (Shoals:4)
  Mennas (D:14)
  Sojobo (D:14)
  2 juggernauts (Depths:2)
  Boris (Depths:3)
  A pandemonium lord (Pan)
  Frederick (Vaults:2)
  Bai Suzhen (Vaults:2)
  The ghost of Esuss the Lord of Darkness, a veteran DsNe of Kikubaaqudgha (Vaults:1)
  4 golden dragons
  Nikola (Snake:4)
  Jory (Vaults:5)
  A Brimstone Fiend (Pan)
  An Ice Fiend (Pan)
  4 tentacled monstrosities
  Asterion (Vaults:2)
  2 quicksilver dragons
  A lich (Depths:2)
  3 titans
  2 deep elf master archers (Elf:3)
  2 deep elf blademasters (Elf:2)
  Polyphemus (Shoals:3)
  4 krakens (Shoals:1)
  22 acid blobs
  An Executioner (Pan)
  6 tengu reavers
  3 sphinxes (Depths:2)
  Agnes (Snake:2)
  5 storm dragons
  Roxanne (Elf:2)
  Ilsuiw (Shoals:2)
  Donald (Shoals:3)
  6 shadow dragons
  4 fire giants
  17 azure jellies
  3 demonspawn warmongers (Pan)
  7 nagarajas
  15 rockslimes
  2 iron dragons (Vaults:5)
  9 frost giants
  Louise (Elf:2)
  Aizul (Vaults:2)
  7 deep elf sorcerers
  12 balrugs (Pan)
  7 cacodemons (Pan)
  16 vault wardens
  27 very ugly things
  3 deep elf elementalists (Elf:3)
  2 orc warlords
  2 spriggan defenders (Depths:3)
  16 stone giants
  A demonspawn corrupter (Pan)
  5 reapers (Pan)
  13 ironbound preservers
  20 quicksilver oozes
  9 ironbound thunderhulks
  3 war gargoyles
  5 deep elf demonologists
  9 deep elf annihilators (Elf:3)
  2 vampire knights
  A minotaur (Gauntlet)
  3 lorocyprocas (Pan)
  A dire elephant (Vaults:1)
  A white draconian (IceCv)
  5 spark wasps
  5 merfolk javelineers
  2 crystal guardians (Vaults:4)
  2 blizzard demons (Pan)
  9 fire dragons
  2 entropy weavers
  18 ettins
  12 deep elf death magi
  10 great orbs of eyes
  2 jiangshi
  13 yaktaur captains
  Fannar (Lair:2)
  2 green deaths
  12 merfolk impalers
  8 deep elf high priests
  A rakshasa (Depths:3)
  An entropy weaver (shapeshifter) (Depths:1)
  32 vault guards
  3 hydras
  3 salamander tyrants
  4 spriggan air magi
  The ghost of Yxtef the Carver, a journeyman DsFi of Okawaru (D:15)
  12 ice dragons
  A catoblepas (Shoals:3)
  2 merfolk avatars
  3 peacekeepers
  5 ogre magi
  3 alligator snapping turtles
  14 anacondas
  9 merfolk aquamancers
  Erica (Lair:2)
  21 centaur warriors
  A spectral fire giant (Depths:1)
  25 ironbound frosthearts
  24 dancing weapons
  4 satyrs
  3 boulder beetles
  17 naga warriors
  8 two-headed ogres
  13 deep troll shamans
  2 hell hogs (Depths:3)
  A radroach (shapeshifter) (Lair:5)
  12 deep troll earth magi
  10 tengu warriors
  14 naga sharpshooters
  9 shock serpents
  3 vampire magi
  7 death yaks
  3 thrashing horrors (Lair:5)
  4 spriggan berserkers
  7 hell knights (Depths:3)
  Sonja (Lair:1)
  Urug (Lair:2)
  13 deep elf knights
  8 soul eaters
  34 sun demons
  10 iron trolls
  Amaemon (Lair:3)
  A shadow wraith (Depths:1)
  A death drake (Depths:2)
  5 salamander mystics
  10 sea snakes
  A storm dragon zombie (D:15)
  A golden dragon zombie (Depths:1)
  8 skeletal warriors
  3 sixfirhies (Pan)
  6 flayed ghosts
  A death drake (shapeshifter) (Vaults:5)
  An orange crystal statue (IceCv)
  3 shadow demons (Pan)
  An orb spider (shapeshifter) (Vaults:5)
  8 large abominations
  5 glowing orange brains
  65 deep trolls
  7 naga ritualists
  27 ironbound convokers
  3 wizards
  9 necromancers
  7 phantasmal warriors (Vaults:5)
  18 deep elf pyromancers
  6 deep elf archers
  6 orc knights
  23 deep elf zephyrmancers
  22 harpies
  A wolf spider (D:15)
  11 lindwurms
  8 cyclopes
  3 mana vipers
  A mana viper (shapeshifter) (Vaults:5)
  3 orc sorcerers (Orc:2)
  11 shining eyes
  A shining eye (shapeshifter) (D:13)
  61 ugly things
  17 manticores
  33 salamanders
  13 fauns
  78 slime creatures
  A frost giant zombie (Depths:1)
  A fire giant zombie (Vaults:4)
  31 elephants
  4 guardian serpents (Snake:4)
  A human skeleton (Vaults:4)
  6 eyes of devastation
  An iron dragon skeleton (Depths:1)
  34 black mambas
  12 merfolk sirens
  A rust devil (Depths:2)
  A frost giant skeleton (Depths:1)
  9 orange demons
  10 cane toads
  16 naga magi
  2 torpor snails
  16 vault sentinels
  A titan simulacrum (Vaults:4)
  3 gargoyles
  3 smoke demons
  5 water nymphs
  A hellion (Depths:3)
  7 komodo dragons
  2 unseen horrors (shapeshifter)
  12 rime drakes
  An unseen horror zombie (D:9)
  21 yaktaurs
  A tengu conjurer (Depths:2)
  2 tormentors (Pan)
  A human zombie (Vaults:4)
  5 kobold demonologists
  2 ancient zymes (Lair:5)
  4 freezing wraiths
  6 red devils
  2 hellwings (Pan)
  An ice devil (Depths:2)
  50 merfolk
  8 polar bears (IceCv)
  11 hornets
  A meliai (shapeshifter) (Vaults:5)
  6 trolls
  A tarantella (shapeshifter) (Vaults:5)
  3 wind drakes
  Prince Ribbit (Lair:2)
  12 snapping turtles
  8 dream sheep
  16 blink frogs
  A spriggan zombie (D:15)
  A shadow (D:10)
  Sigmund (D:3)
  A vampire (D:8)
  An air elemental (Elf:3)
  A culicivora (Vaults:3)
  2 wraiths
  9 ynoxinuls (Pan)
  6 spriggans
  20 water elementals
  7 wyverns
  25 yaks
  2 fire elementals (Elf:1)
  10 humans (D:14)
  8 golden eyes
  7 basilisks
  12 neqoxecs (Pan)
  A steam dragon (D:6)
  A steam dragon (shapeshifter) (D:15)
  4 vampire mosquitoes (D:12)
  7 chaos spawn
  Menkaure (Ossuary)
  5 wargs
  A swamp worm (shapeshifter) (Lair:5)
  A warg (shapeshifter) (Vaults:5)
  53 nagas
  A tengu zombie (D:15)
  Edmund (D:5)
  3 acid dragons
  A glowing shapeshifter zombie (Depths:1)
  12 water moccasins
  A floating eye (shapeshifter) (Vaults:5)
  A glowing shapeshifter skeleton (D:15)
  A floating eye (Slime:4)
  34 orc warriors
  A sky beast (D:6)
  2 ice beasts
  2 black bears (D:10)
  2 ogres
  9 wolves
  13 centaurs
  2 phantoms (D:5)
  2 elf zombies (Elf:1)
  10 kobold brigands
  16 bullfrogs
  4 gnoll sergeants
  3 necrophages
  9 scorpions
  5 earth elementals
  5 wights (D:7)
  4 killer bees (D:8)
  An electric eel (Snake:3)
  2 howler monkeys
  4 crimson imps (Pan)
  4 lava snakes (Snake:3)
  2 hounds
  18 orc priests
  3 jellies
  9 small abominations (Lair:5)
  30 orc wizards
  4 iguanas
  7 hell rats (Lair:2)
  3 mummies (Ossuary)
  A howler monkey zombie (D:9)
  8 adders
  21 gnolls
  A white imp (D:5)
  An ufetubus (D:5)
  A dart slug (D:4)
  97 orcs
  4 endoplasms
  5 giant cockroaches
  5 gnoll zombies (Ossuary)
  A goblin (shapeshifter) (Vaults:5)
  11 goblins
  8 hobgoblins
  11 jackals
  32 kobolds
  8 quokkas
  10 ball pythons
  19 bats
  4 frilled lizards
  4 gnoll skeletons (Ossuary)
  5 goblin skeletons (Ossuary)
  6 goblin zombies
  3 hobgoblin skeletons (Ossuary)
  3 hobgoblin zombies (Ossuary)
  5 kobold skeletons (Ossuary)
  5 kobold zombies (Ossuary)
  4 orc skeletons (Ossuary)
  3 orc zombies (Ossuary)
  A quokka zombie (D:4)
  10 rats
  4 rat skeletons (Ossuary)
  4 rat zombies (Ossuary)
  8 tentacles (Shoals:1)
2331 creatures vanquished.

Vanquished Creatures (collateral kills)
  Mnoleg (Pan)
  2 acid blobs (Slime:5)
  An azure jelly (Slime:3)
  A cacodemon (Pan)
  A rockslime (Slime:4)
  A quicksilver ooze (Slime:5)
  14 slime creatures
  An orc high priest (Orc:2)
  An orc sorcerer (Orc:2)
  An orc knight (Orc:2)
  A large abomination (Pan)
  2 chaos spawn
  A neqoxec (Pan)
28 creatures vanquished.

Vanquished Creatures (others)
  An eldritch tentacle (Pan)
  The ghost of Sanwozi Toze the Summoner, a journeyman GrSu of Vehumet (Orc:1)
  A jiangshi (Depths:2)
  2 naga sharpshooters (Snake:4)
  A salamander mystic (Snake:4)
  A deep elf zephyrmancer (Elf:3)
  A human (D:14)
  3 nagas (Snake:4)
  31 fungi
  153 plants
  17 tentacles (Shoals:1)
  18 withered plants
230 creatures vanquished.

Grand Total: 2589 creatures vanquished

Notes
Turn   | Place    | Note
-------+----------+-------------------------------------------
     0 | D:1      | Devinter the Gargoyle Earth Elementalist began the quest
                  | for the Orb.
     0 | D:1      | Reached XP level 1. HP: 10/10 MP: 3/3
   136 | D:1      | Reached skill level 1 in Transmutations
   136 | D:1      | Reached XP level 2. HP: 12/15 MP: 1/5
   329 | D:1      | Reached skill level 4 in Earth Magic
   434 | D:1      | Reached XP level 3. HP: 18/19 MP: 6/6
   536 | D:1      | Reached skill level 2 in Dodging
   704 | D:2      | Learned a level 3 spell: Stone Arrow
   781 | D:2      | Identified the +0 kite shield of Keonnor {rF+ rN+ Will+
                  | Dex-4}
   786 | D:2      | Reached skill level 3 in Stealth
   927 | D:2      | Reached XP level 4. HP: 24/24 MP: 5/7
  1282 | D:3      | Reached skill level 3 in Spellcasting
  1306 | D:3      | Noticed Sigmund
  1327 | D:2      | HP: 2/24 [goblin/+0 dagger (2)]
  1497 | D:3      | HP: 2/24 [Sigmund/magic dart (6)]
  1758 | D:3      | Found an ancient bone altar of Kikubaaqudgha.
  1765 | D:3      | Found a hide-covered altar of Uskayaw.
  1769 | D:3      | Found an opulent altar of Gozag.
  1815 | D:3      | Found a glowing golden altar of the Shining One.
  1815 | D:3      | Found a white marble altar of Elyvilon.
  1816 | D:3      | Found a glowing silver altar of Zin.
  1825 | D:3      | Noticed a scorpion
  1833 | D:3      | Killed a scorpion
  1834 | D:3      | Reached skill level 1 in Conjurations
  1834 | D:3      | Reached skill level 5 in Earth Magic
  1834 | D:3      | Reached XP level 5. HP: 21/28 MP: 3/9
  2040 | D:3      | Found a hazy altar of Hepliaklqana.
  2042 | D:3      | Found a shadowy altar of Dithmenos.
  2042 | D:3      | Noticed a shadow
  2078 | D:3      | Killed Sigmund
  2079 | D:3      | Reached skill level 4 in Spellcasting
  2079 | D:3      | Reached skill level 2 in Conjurations
  2079 | D:3      | Reached XP level 6. HP: 29/32 MP: 4/13
  2084 | D:3      | Learned a level 4 spell: Petrify
  2322 | D:4      | Found Openew's Assorted Antiques.
  2327 | D:4      | Bought an emerald potion for 19 gold pieces
  2327 | D:4      | Bought a fuming black potion for 19 gold pieces
  2327 | D:4      | Bought a scroll labelled VIEBUYNYQY for 22 gold pieces
  2327 | D:4      | Bought 2 metallic silvery potions for 39 gold pieces
  2327 | D:4      | Bought a bubbling silvery potion for 19 gold pieces
  2334 | D:4      | Reached skill level 5 in Spellcasting
  2458 | D:4      | Found a sand-covered staircase.
  2464 | D:4      | Reached skill level 2 in Transmutations
  2464 | D:4      | Reached XP level 7. HP: 36/36 MP: 10/14
  2481 | Ossuary  | Entered an ossuary
  2709 | Ossuary  | Reached skill level 1 in Fighting
  2929 | Ossuary  | Noticed Menkaure
  2946 | Ossuary  | Reached skill level 2 in Fighting
  2947 | Ossuary  | Killed Menkaure
  2948 | Ossuary  | Reached skill level 3 in Fighting
  3502 | D:4      | Found Erra's Lightly-Used Armoury.
  3787 | D:5      | Entered Level 5 of the Dungeon
  3800 | D:5      | Found Xoink's Weapon Shoppe.
  3825 | D:5      | Reached skill level 4 in Fighting
  3825 | D:5      | Reached skill level 1 in Ice Magic
  3863 | D:5      | Reached XP level 8. HP: 45/48 MP: 11/16
  3888 | D:5      | Reached skill level 2 in Ice Magic
  3970 | D:5      | Learned a level 2 spell: Wereblood
  4018 | D:5      | Noticed Edmund
  4036 | D:5      | Killed Edmund
  4171 | D:5      | Reached skill level 5 in Fighting
  4171 | D:5      | Reached skill level 3 in Ice Magic
  4310 | D:5      | Reached skill level 6 in Spellcasting
  4639 | D:5      | Learned a level 3 spell: Ozocubu's Armour
  4660 | D:6      | Reached skill level 4 in Ice Magic
  4787 | D:6      | Found an ornate altar of the Wu Jian Council.
  4831 | D:6      | Reached skill level 7 in Spellcasting
  4847 | D:6      | Reached XP level 9. HP: 54/54 MP: 8/19
  5142 | D:6      | Found a staircase to the Ecumenical Temple.
  5282 | Temple   | Entered the Ecumenical Temple
  5359 | Temple   | Became a worshipper of Vehumet
  5786 | D:7      | Reached skill level 8 in Spellcasting
  5792 | D:7      | Identified the +5 scale mail of the End {Str+3 Int+3}
  5807 | D:7      | Identified the +3 arbalest of Qamewigy {flame, Will++}
  5818 | D:7      | Reached skill level 1 in Air Magic
  5933 | D:7      | Reached skill level 1 in Armour
  6140 | D:7      | Reached skill level 2 in Air Magic
  6140 | D:7      | Reached skill level 6 in Earth Magic
  6142 | D:7      | Reached skill level 2 in Armour
  6180 | D:7      | Learned a level 3 spell: Tukima's Dance
  6378 | D:7      | Reached * piety under Vehumet
  6378 | D:7      | Offered knowledge of Magic Dart by Vehumet.
  6379 | D:7      | Reached skill level 3 in Armour
  6502 | D:7      | Reached skill level 1 in Hexes
  6637 | D:8      | Noticed a two-headed ogre
  6641 | D:8      | Killed a two-headed ogre
  6642 | D:8      | Reached skill level 4 in Armour
  6642 | D:8      | Reached skill level 2 in Hexes
  6642 | D:8      | Reached skill level 8 in Earth Magic
  6642 | D:8      | Reached XP level 10. HP: 58/59 MP: 11/22
  6644 | D:8      | Reached skill level 5 in Armour
  7214 | D:8      | Offered knowledge of Static Discharge by Vehumet.
  7534 | D:8      | Reached ** piety under Vehumet
  7798 | D:8      | HP: 4/60 [something (3)]
  7817 | D:8      | Reached skill level 6 in Fighting
  7817 | D:8      | Reached skill level 6 in Armour
  7929 | D:8      | Reached skill level 9 in Earth Magic
  8256 | D:9      | Found a stormy altar of Qazlal.
  8315 | D:9      | Reached skill level 10 in Earth Magic
  8326 | D:9      | Found a transporter.
  8326 | D:9      | Noticed paps's ghost (novice DESu)
  8327 | D:9      | Found a transporter.
  8331 | D:9      | Noticed a two-headed ogre
  8331 | D:9      | Identified the +8 dire flail "Gaequ" {speed, rN+}
  8331 | D:9      | Noticed a two-headed ogre
  8333 | D:9      | Noticed a two-headed ogre
  8389 | D:9      | Found a basalt altar of Yredelemnul.
  8581 | D:9      | Got the Omnibus of Fetid Excavation
  8907 | D:10     | Entered Level 10 of the Dungeon
  8909 | D:10     | Found a staircase to the Lair.
  8909 | D:10     | Noticed an elephant
  8931 | D:10     | Reached skill level 7 in Fighting
  8931 | D:10     | Offered knowledge of Hailstorm by Vehumet.
  8945 | D:10     | Killed an elephant
  8946 | D:10     | Reached XP level 11. HP: 29/67 MP: 14/23
  9091 | D:10     | Reached skill level 9 in Spellcasting
  9128 | D:10     | Found a flagged portal.
  9164 | Bailey   | Entered a bailey
  9194 | Bailey   | Reached *** piety under Vehumet
  9206 | Bailey   | Reached skill level 8 in Fighting
  9565 | Bailey   | Found an iron altar of Okawaru.
  9580 | Bailey   | Identified the ring "Wux Niomig" {rN+ Will+}
  9665 | D:10     | Found a bloodstained altar of Trog.
  9665 | D:10     | Noticed a five-headed hydra
  9676 | D:10     | Killed a five-headed hydra
 10270 | D:10     | Learned a level 3 spell: Hailstorm
 10427 | D:10     | Reached skill level 9 in Fighting
 10840 | D:11     | Noticed a two-headed ogre
 10848 | D:11     | Killed a two-headed ogre
 10849 | D:11     | Reached skill level 10 in Spellcasting
 10968 | D:11     | Noticed a manticore
 10976 | D:11     | Killed a manticore
 10977 | D:11     | Reached skill level 10 in Fighting
 11100 | D:11     | Offered knowledge of Frozen Ramparts by Vehumet.
 11107 | D:11     | Learned a level 3 spell: Frozen Ramparts
 11113 | D:11     | Learned a level 5 spell: Freezing Cloud
 11281 | D:11     | Noticed a manticore
 11289 | D:11     | Killed a manticore
 11290 | D:11     | Reached skill level 5 in Ice Magic
 11290 | D:11     | Reached skill level 3 in Air Magic
 11431 | D:11     | Got the Guide on Allies
 11677 | D:12     | Found a staircase to the Orcish Mines.
 11696 | D:12     | Reached **** piety under Vehumet
 11740 | D:12     | Noticed a cyclops
 11751 | D:12     | Killed a cyclops
 11752 | D:12     | Reached skill level 1 in Evocations
 11752 | D:12     | Reached XP level 12. HP: 66/77 MP: 26/26
 11864 | D:12     | Reached skill level 2 in Evocations
 11874 | D:12     | Found a gate leading to a gauntlet.
 11899 | Gauntlet | Entered a Gauntlet
 11899 | Gauntlet | Found a transporter.
 11899 | Gauntlet | Found a transporter.
 11905 | Gauntlet | Found a transporter.
 11950 | Gauntlet | Found a transporter.
 11968 | Gauntlet | Found a transporter.
 11968 | Gauntlet | Found a transporter.
 11968 | Gauntlet | Found a transporter.
 11970 | Gauntlet | Found a transporter.
 11970 | Gauntlet | Found a transporter.
 11986 | Gauntlet | Found a transporter.
 11991 | Gauntlet | Found a runed translucent door.
 11998 | Gauntlet | Found a transporter.
 12008 | Gauntlet | Found a transporter.
 12010 | Gauntlet | Found the +18 shield of the Gong {rElec rN+ Will+ EV-5}
 12022 | Gauntlet | Found a transporter.
 12042 | Gauntlet | Found a transporter.
 12042 | Gauntlet | Noticed a soul eater
 12093 | Gauntlet | Reached skill level 4 in Air Magic
 12096 | Gauntlet | Offered knowledge of Fireball by Vehumet.
 12109 | Gauntlet | Identified the +1 pair of gloves "Poce" {Contam rC- Str+8
                  | SInv}
 12196 | Gauntlet | Reached skill level 6 in Ice Magic
 12210 | Gauntlet | Reached skill level 3 in Evocations
 12249 | Gauntlet | Identified the +0 cloak "Coimp" {rPois Dex+4}
 12290 | Gauntlet | Noticed a minotaur
 12292 | Gauntlet | Noticed a soul eater
 12329 | Gauntlet | Killed a minotaur
 12330 | Gauntlet | Reached skill level 2 in Shields
 12803 | D:12     | Reached skill level 3 in Shields
 12806 | D:12     | Reached skill level 4 in Evocations
 12815 | D:12     | Reached skill level 4 in Shields
 13249 | Lair:1   | Entered Level 1 of the Lair of Beasts
 13323 | Lair:1   | Found an ornate altar of the Wu Jian Council.
 13349 | Lair:1   | Noticed Sonja
 13358 | Lair:1   | Killed Sonja
 13359 | Lair:1   | Reached skill level 5 in Shields
 13383 | Lair:1   | Reached skill level 6 in Shields
 13548 | Lair:1   | Reached skill level 5 in Evocations
 14285 | Lair:1   | Reached skill level 7 in Shields
 14564 | Lair:2   | Reached skill level 8 in Shields
 14705 | Lair:2   | Noticed Erica
 14713 | Lair:2   | Killed Erica
 14714 | Lair:2   | Reached XP level 13. HP: 82/82 MP: 15/27
 14808 | Lair:2   | Reached ***** piety under Vehumet
 14809 | Lair:2   | Reached skill level 9 in Shields
 14832 | Lair:2   | Found a white marble altar of Elyvilon.
 14859 | Lair:2   | Noticed Prince Ribbit
 14862 | Lair:2   | Killed Prince Ribbit
 14980 | Lair:2   | Offered knowledge of Conjure Ball Lightning by Vehumet.
 15012 | Lair:2   | Noticed Fannar
 15026 | Lair:2   | Killed Fannar
 15027 | Lair:2   | Reached skill level 10 in Shields
 15163 | Lair:2   | Noticed Urug
 15171 | Lair:2   | Killed Urug
 15479 | Lair:3   | Reached skill level 3 in Conjurations
 15706 | Lair:3   | Upgraded the game from 0.30-a0-358-g0d69a1922f to
                  | 0.30-a0-359-gd0147acb1a
 15759 | Lair:3   | Noticed Amaemon
 15764 | Lair:3   | Killed Amaemon
 15765 | Lair:3   | Reached skill level 4 in Conjurations
 15918 | Lair:3   | Found a staircase to the Shoals.
 15919 | Lair:3   | Identified the amulet "Nokkon Ere" {Spirit rC+ rN+ Str+4}
 16098 | Lair:3   | Reached skill level 11 in Earth Magic
 16101 | Lair:3   | Reached skill level 5 in Conjurations
 16472 | Lair:3   | Found a staircase to the Snake Pit.
 16549 | Lair:3   | Learned a level 6 spell: Iron Shot
 16625 | Lair:4   | Offered knowledge of Airstrike by Vehumet.
 16626 | Lair:4   | Reached skill level 11 in Shields
 16628 | Lair:4   | Reached skill level 1 in Staves
 16924 | Lair:4   | Found a staircase to the Slime Pits.
 16932 | Lair:4   | Gained mutation: Your large and strong wings let you fly.
                  | [Gargoyle growth]
 16932 | Lair:4   | Reached XP level 14. HP: 88/88 MP: 19/28
 17373 | Lair:4   | Reached skill level 2 in Staves
 17375 | Lair:4   | Reached skill level 11 in Spellcasting
 17521 | Lair:5   | Entered Level 5 of the Lair of Beasts
 17652 | Lair:4   | Reached skill level 6 in Conjurations
 17767 | Lair:5   | Reached skill level 3 in Staves
 17979 | Lair:5   | Reached skill level 12 in Earth Magic
 18423 | Lair:5   | Reached skill level 4 in Staves
 18545 | Lair:5   | Reached skill level 7 in Conjurations
 18577 | Lair:5   | Reached skill level 12 in Shields
 19019 | Lair:5   | Reached skill level 5 in Staves
 19131 | Lair:5   | Found a corrupted altar of Lugonu.
 19131 | Lair:5   | Found a one-way gate to the infinite horrors of the Abyss.
 19144 | Lair:5   | Identified the +10 shortbow "Niqekor" {drain, SInv}
 19389 | Orc:1    | Entered Level 1 of the Orcish Mines
 19583 | Orc:2    | Entered Level 2 of the Orcish Mines
 19598 | Orc:2    | Offered knowledge of Lee's Rapid Deconstruction by Vehumet.
 19917 | Orc:1    | Reached skill level 8 in Conjurations
 19995 | Orc:1    | Found a runed translucent door.
 19996 | Orc:1    | Found a shimmering altar of Xom.
 19996 | Orc:1    | Noticed Sanwozi Toze's ghost (journeyman GrSu)
 20137 | Orc:2    | Found a staircase to the Elven Halls.
 20293 | Orc:1    | Learned a level 5 spell: Lee's Rapid Deconstruction
 20298 | Orc:1    | Killed Sanwozi Toze's ghost
 20299 | Orc:1    | Reached skill level 12 in Spellcasting
 20302 | Orc:1    | Identified the +1 spear of Callousness {freeze, rPois rC+++
                  | rCorr Int-4}
 20603 | Orc:2    | Reached XP level 15. HP: 92/92 MP: 26/31
 20637 | Orc:2    | Noticed an orc warlord
 20641 | Orc:2    | Reached skill level 13 in Shields
 20648 | Orc:2    | Killed an orc warlord
 20875 | Orc:2    | Reached skill level 14 in Shields
 20899 | Orc:2    | Found Ryilusegg's Antique Armour Shop.
 20940 | Orc:2    | Bought a scorched ring mail for 270 gold pieces
 20940 | Orc:2    | Identified the +1 ring mail "Eruy" {-Cast Str+2 Slay+2}
                  | (You bought it in a shop on level 2 of the Orcish Mines)
 20940 | Orc:2    | Bought a pair of steaming boots for 285 gold pieces
 20940 | Orc:2    | Identified the +2 pair of boots of Dishonour {rN+ Str-2
                  | SInv} (You bought it in a shop on level 2 of the Orcish
                  | Mines)
 20960 | Orc:2    | Found Jeniqyr's Antique Weapon Shop.
 20972 | Orc:2    | Found Vicvoat's General Store.
 20980 | Orc:2    | Bought a scroll of immolation for 56 gold pieces
 20980 | Orc:2    | Bought a scroll of identify for 28 gold pieces
 20980 | Orc:2    | Bought a scroll of magic mapping for 105 gold pieces
 20986 | Orc:2    | Found Wialasch's General Store.
 20992 | Orc:2    | Bought a scroll of teleportation for 48 gold pieces
 20992 | Orc:2    | Bought a scroll of identify for 32 gold pieces
 20992 | Orc:2    | Bought a potion of heal wounds for 80 gold pieces
 20992 | Orc:2    | Bought a scroll of amnesia for 64 gold pieces
 21001 | Orc:2    | Found Apluecs's Jewellery Shop.
 21008 | Orc:2    | Bought the ring of Modesty {Wiz rF+++ rC- rN+ SInv} for
                  | 1101 gold pieces
 21678 | D:13     | Gained mutation: You do not regenerate when monsters are
                  | visible. [a shining eye]
 21679 | D:13     | Offered knowledge of Irradiate by Vehumet.
 21693 | D:13     | Lost mutation: You do not regenerate when monsters are
                  | visible. [potion of mutation]
 21693 | D:13     | Gained mutation: You are robust. (+10% HP) [potion of
                  | mutation]
 21693 | D:13     | Gained mutation: You are somewhat resistant to further
                  | mutation. [potion of mutation]
 23006 | D:14     | Found a gate to the Vaults.
 23073 | D:15     | Entered Level 15 of the Dungeon
 23092 | D:15     | Found a runed translucent door.
 23093 | D:15     | Noticed Yxtef's ghost (journeyman DsFi)
 23129 | D:15     | Reached skill level 5 in Air Magic
 23131 | D:15     | Reached skill level 7 in Ice Magic
 23132 | D:15     | Reached skill level 9 in Conjurations
 23148 | D:15     | Reached skill level 13 in Earth Magic
 23148 | D:15     | Reached XP level 16. HP: 82/106 MP: 29/32
 23151 | D:15     | Reached ****** piety under Vehumet
 23254 | D:15     | Killed Yxtef's ghost
 23255 | D:15     | Reached skill level 15 in Shields
 23440 | D:15     | Identified the +2 chain mail of Mobick {Rampage rN+ Int+2}
 23445 | D:15     | Found Saampoh's Weapon Shop.
 23666 | D:15     | Found a staircase to the Depths.
 23899 | Snake:1  | Entered Level 1 of the Snake Pit
 23999 | Snake:1  | Reached skill level 8 in Ice Magic
 24081 | Snake:1  | Reached skill level 6 in Air Magic
 24083 | Snake:1  | Offered knowledge of Iskenderun's Battlesphere by Vehumet.
 24208 | Snake:1  | Identified the ring of Eternity {rC+ EV+4}
 24342 | Snake:1  | Reached skill level 10 in Conjurations
 24382 | Snake:1  | Reached skill level 14 in Earth Magic
 24662 | Snake:1  | Found Zin Xoesch's Antique Weapon Emporium.
 24923 | Snake:1  | Found Huep's Antique Armour Shoppe.
 24925 | Snake:1  | Found Cuamneoj's General Store.
 24936 | Snake:1  | Bought a scroll of blinking for 120 gold pieces
 24940 | Snake:1  | Bought a crystal battleaxe for 310 gold pieces
 24940 | Snake:1  | Identified the +6 battleaxe "Funwia" {antimagic, *Slow
                  | rPois rC+++ Str-3} (You bought it in a shop on level 1 of
                  | the Snake Pit)
 25573 | Snake:2  | Found a frozen archway.
 25584 | IceCv    | Entered an ice cave
 25616 | IceCv    | Reached skill level 3 in Dodging
 25647 | IceCv    | Reached skill level 7 in Armour
 25798 | IceCv    | Reached skill level 15 in Earth Magic
 26000 | IceCv    | Offered knowledge of Arcjolt by Vehumet.
 26316 | IceCv    | Reached skill level 4 in Dodging
 26436 | IceCv    | HP: 9/106 [frost giant/bolt of cold (8)]
 26436 | IceCv    | HP: 1/106 [ironbound frostheart/creeping frost (8)]
 26685 | IceCv    | Reached skill level 8 in Armour
 26867 | IceCv    | Reached XP level 17. HP: 101/112 MP: 7/33
 27539 | Snake:2  | Noticed Agnes
 27542 | Snake:2  | Killed Agnes
 27714 | Snake:2  | You are sucked into a shaft and drop 1 floor!
 27730 | Snake:3  | Reached skill level 16 in Earth Magic
 27731 | Snake:3  | Reached skill level 9 in Armour
 27778 | Snake:3  | Reached skill level 10 in Armour
 28449 | Snake:3  | Upgraded the game from 0.30-a0-359-gd0147acb1a to
                  | 0.30-a0-360-g447f08457e
 28556 | Snake:3  | Offered knowledge of Lehudib's Crystal Spear by Vehumet.
 28613 | Snake:3  | Reached skill level 11 in Fighting
 28613 | Snake:3  | Reached skill level 11 in Armour
 28735 | Snake:3  | Upgraded the game from 0.30-a0-360-g447f08457e to
                  | 0.30-a0-364-gf6b3ef1049
 29432 | Snake:4  | Entered Level 4 of the Snake Pit
 29456 | Snake:4  | Noticed Nikola
 29482 | Snake:4  | Killed Nikola
 29790 | Snake:4  | Reached skill level 12 in Fighting
 29790 | Snake:4  | Reached skill level 12 in Armour
 29799 | Snake:4  | Learned a level 8 spell: Lehudib's Crystal Spear
 30036 | Snake:4  | Reached XP level 18. HP: 123/123 MP: 26/34
 30461 | Snake:4  | Reached skill level 11 in Conjurations
 30479 | Snake:4  | Offered knowledge of Polar Vortex by Vehumet.
 30479 | Snake:4  | Offered knowledge of Maxwell's Capacitive Coupling by
                  | Vehumet.
 30509 | Snake:4  | Reached skill level 17 in Earth Magic
 30565 | Snake:4  | Reached skill level 13 in Spellcasting
 30872 | Snake:4  | Got a serpentine rune of Zot
 31132 | Shoals:1 | Entered Level 1 of the Shoals
 31325 | Depths:1 | Entered Level 1 of the Depths
 31376 | Depths:1 | Noticed an ancient lich
 31465 | Depths:1 | Reached skill level 12 in Conjurations
 31905 | Depths:1 | Killed an ancient lich
 31906 | Depths:1 | Reached XP level 19. HP: 85/129 MP: 16/36
 32051 | Depths:1 | Found Waanoipn's Magic Scroll Shoppe.
 32102 | Depths:1 | Bought a scroll of fear for 84 gold pieces
 32102 | Depths:1 | Bought a scroll of fear for 84 gold pieces
 32102 | Depths:1 | Bought a scroll of magic mapping for 157 gold pieces
 32108 | Depths:1 | Reached skill level 18 in Earth Magic
 32131 | Depths:1 | Reached skill level 13 in Armour
 32158 | Depths:1 | Reached skill level 13 in Fighting
 32447 | Depths:1 | Identified the +10 shortbow "Newtslayer" {drain, +Blink
                  | Str+2}
 32729 | Depths:1 | Found a gateway to Hell.
 32810 | Depths:1 | Got the Tome of Shadows
 32815 | Depths:1 | Found a one-way gateway to a ziggurat.
 33017 | Elf:1    | Entered Level 1 of the Elven Halls
 33092 | Elf:1    | Reached skill level 14 in Spellcasting
 33094 | Elf:1    | Identified the +8 glaive of the Exiled Suns {vorpal, Drain
                  | Str+5 Int-4 Dex+8}
 33563 | Elf:1    | Got the Precepts of Misery
 34512 | Elf:1    | Found a radiant altar of Vehumet.
 34771 | Elf:2    | Found Iwaokiv's Weapon Boutique.
 34773 | Elf:2    | Noticed Roxanne
 34778 | Elf:2    | Killed Roxanne
 34787 | Elf:2    | Reached skill level 14 in Armour
 34909 | Elf:2    | Found Urilod's Antique Armour Boutique.
 34985 | Elf:2    | Reached skill level 14 in Fighting
 34989 | Elf:2    | Reached skill level 19 in Earth Magic
 35060 | Elf:2    | Found a runed translucent gate.
 35061 | Elf:2    | Found a runed translucent gate.
 35061 | Elf:2    | Found a runed translucent gate.
 35295 | Elf:2    | Noticed Louise
 35430 | Elf:2    | Killed Louise
 35596 | Elf:2    | Reached XP level 20. HP: 139/139 MP: 28/38
 35612 | Elf:2    | Reached skill level 1 in Maces & Flails
 35857 | Elf:2    | Reached skill level 2 in Maces & Flails
 35947 | Elf:3    | Entered Level 3 of the Elven Halls
 35958 | Elf:3    | Reached skill level 20 in Earth Magic
 36066 | Elf:3    | Paralysed by an air elemental for 1 turns
 36165 | Elf:3    | Reached skill level 3 in Maces & Flails
 36460 | Elf:2    | Reached skill level 4 in Maces & Flails
 36578 | Elf:3    | Identified the +8 trident of the Lumpy Hosts {freeze,
                  | Will+++ MP+9 Int+4}
 36584 | Elf:3    | Identified the +4 scimitar "Ekhich" {spect, rElec rPois
                  | Str-3}
 36891 | Elf:3    | Learned a level 9 spell: Shatter
 37135 | Elf:3    | Identified the +4 hand axe of Gallantry {distort, SInv}
 37143 | Elf:3    | Identified the +0 robe of Green Intercession {rN+ Int+2}
 37143 | Elf:3    | Identified the ring "Ricw" {rC+ Will++ EV+4 Str-3}
 37144 | Elf:3    | Reached skill level 1 in Polearms
 37289 | Elf:3    | Identified the +1 scale mail "Elu Huru" {Contam rF++ rN+}
 37312 | Elf:3    | Got the Quarto of Ruinous Graupel
 37328 | Elf:3    | Got the Compendium of the Arsonist and Clouds
 37386 | Elf:3    | Got the Tractate on Fog and Malignant Rites
 37536 | Elf:3    | Identified the +7 halberd of the Wheel {freeze, Fragile
                  | rPois Will+ Str+3}
 38206 | Shoals:1 | Reached skill level 2 in Polearms
 38486 | Shoals:1 | Identified the +1 scale mail of Faak {Will+}
 38613 | Shoals:1 | Identified the quicksilver dragon scales of Wyqyt {rC-
                  | Will+ rCorr Dex+6 SInv}
 38798 | Shoals:1 | Found a runed translucent door.
 38927 | Shoals:1 | Found Wius Biq's Weapon Shop.
 39433 | Shoals:2 | Reached skill level 3 in Polearms
 39442 | Shoals:2 | Noticed Ilsuiw
 39455 | Shoals:2 | Reached XP level 21. HP: 88/146 MP: 39/39
 39472 | Shoals:2 | Killed Ilsuiw
 39893 | Shoals:2 | Identified the +3 spear of Abomination {flame, rC- rN+
                  | Will+ Int+3}
 40554 | Shoals:3 | Noticed Donald
 40564 | Shoals:3 | Killed Donald
 40575 | Shoals:3 | Noticed Polyphemus
 40590 | Shoals:3 | Reached skill level 15 in Armour
 40592 | Shoals:3 | Reached skill level 15 in Fighting
 40612 | Shoals:3 | Killed Polyphemus
 40622 | Shoals:3 | Reached skill level 16 in Shields
 41453 | Shoals:4 | Entered Level 4 of the Shoals
 41453 | Shoals:4 | Identified a scroll of acquirement
 41463 | Shoals:4 | Noticed Mara
 41468 | Shoals:4 | Killed Mara
 41508 | Shoals:4 | Reached skill level 21 in Earth Magic
 41521 | Shoals:4 | Reached skill level 15 in Spellcasting
 42272 | Shoals:4 | Identified the +6 lajatang "Haibiaf" {flame, rElec rPois
                  | Int-2 Dex+4}
 42517 | Shoals:4 | Got a barnacled rune of Zot
 43428 | Depths:1 | Reached skill level 16 in Armour
 43560 | Depths:2 | Reached skill level 16 in Fighting
 43706 | Depths:2 | Reached XP level 22. HP: 124/156 MP: 11/41
 43872 | Depths:1 | Reached skill level 4 in Polearms
 44142 | Depths:2 | Acquired the +2 pair of gloves of Distant Worlds {Str+6}
 44347 | Depths:2 | Found a shimmering blue altar of Sif Muna.
 44380 | Depths:2 | Found a one-way gate leading to the halls of Pandemonium.
 44507 | Depths:2 | Noticed a juggernaut
 44611 | Depths:2 | Killed a juggernaut
 44654 | Depths:2 | Found Leenueny's Book Shop.
 44655 | Depths:2 | Found Ely Veg's Jewellery Shoppe.
 44655 | Depths:2 | Found Boin's Jewellery Shoppe.
 44665 | Depths:2 | Bought the ring of the Mage {Wiz Archmagi} for 663 gold
                  | pieces
 44665 | Depths:2 | Found the ring of the Mage {Wiz Archmagi}
 44818 | Depths:2 | Reached skill level 5 in Polearms
 44965 | Depths:2 | Reached skill level 22 in Earth Magic
 45380 | Depths:2 | Reached skill level 16 in Spellcasting
 45450 | Depths:2 | Noticed a juggernaut
 45455 | Depths:2 | Noticed a golden dragon
 45458 | Depths:2 | Killed a juggernaut
 45462 | Depths:2 | Killed a golden dragon
 45463 | Depths:2 | Reached skill level 13 in Conjurations
 45479 | Depths:2 | Reached skill level 6 in Polearms
 45680 | Depths:2 | Got the Monograph on Cloudy Black Rituals
 45839 | Depths:3 | Identified the ring of Mohuw {*Slow Fly rElec Will++ rCorr}
 45861 | Depths:3 | Noticed Boris
 45866 | Depths:3 | Killed Boris
 45974 | Depths:3 | Found Isoamuof's Distillery.
 45977 | Depths:3 | Bought a potion of curing for 45 gold pieces
 45977 | Depths:3 | Bought a potion of heal wounds for 75 gold pieces
 45977 | Depths:3 | Bought a potion of brilliance for 60 gold pieces
 45977 | Depths:3 | Bought a potion of brilliance for 60 gold pieces
 45977 | Depths:3 | Bought a potion of mutation for 120 gold pieces
 45977 | Depths:3 | Bought 2 potions of curing for 90 gold pieces
 45988 | Depths:3 | Found Vaysaizu's Antique Armour Shop.
 45994 | Depths:3 | Bought a faintly humming scale mail for 270 gold pieces
 45994 | Depths:3 | Identified the +4 scale mail of the Sacrificial Victim {rC-
                  | Int+3} (You bought it in a shop on level 3 of the Depths)
 46211 | Depths:3 | Found Xeyf Hyck's Armour Shop.
 46500 | Depths:3 | Reached skill level 7 in Polearms
 46511 | Depths:3 | Reached XP level 23. HP: 149/161 MP: 41/43
 46762 | Depths:3 | Found Furok's Antique Armour Shoppe.
 46780 | Depths:3 | Bought a brightly glowing leather armour for 287 gold
                  | pieces
 46780 | Depths:3 | Identified the +2 leather armour of Gozag's Castigation
                  | {rF- rC- rN+++ Str+8} (You bought it in a shop on level 3
                  | of the Depths)
 46977 | Depths:3 | Reached skill level 14 in Conjurations
 46993 | Depths:3 | Acquired 565 gold pieces
 47568 | Vaults:1 | Entered Level 1 of the Vaults
 47830 | Vaults:1 | Identified the +4 shortbow of the Ancients {drain, rN+ MP+9
                  | Str+5 Int-3}
 47928 | Vaults:1 | Reached skill level 23 in Earth Magic
 48112 | Vaults:1 | Found a transporter.
 48112 | Vaults:1 | Found a transporter.
 48116 | Vaults:1 | Identified the +3 hand axe of the Immovable Songs {drain,
                  | *Slow rElec rF+ Dex+2}
 48215 | Vaults:1 | Reached skill level 8 in Polearms
 48226 | Vaults:1 | HP: 9/161 [ironbound frostheart/creeping frost (19)]
 48293 | Vaults:1 | Reached skill level 17 in Spellcasting
 48318 | Vaults:1 | Identified the +0 barding of Fuzaelorr {Harm rPois Regen+
                  | Str-3}
 48853 | Vaults:1 | Found a runed translucent gate.
 48853 | Vaults:1 | Found a runed translucent gate.
 48853 | Vaults:1 | Found a runed translucent gate.
 48853 | Vaults:1 | Noticed Esuss's ghost (veteran DsNe)
 49235 | Vaults:1 | Found a viscous altar of Jiyva.
 49259 | Vaults:1 | Killed Esuss's ghost
 49269 | Vaults:1 | Identified the +3 plate armour "Miobipne" {Rampage Will+++
                  | Int-2 SInv}
 49403 | Vaults:2 | Reached skill level 9 in Polearms
 49495 | Vaults:2 | Identified the +8 sling "Tuppiess" {antimagic, rF+}
 49495 | Vaults:2 | Noticed Mennas
 49498 | Vaults:2 | Noticed Sojobo
 49760 | Vaults:1 | Paralysed by an air elemental for 1 turns
 49769 | D:14     | Paralysed by an air elemental for 1 turns
 49779 | D:14     | Paralysed by an air elemental for 1 turns
 49784 | D:14     | Paralysed by an air elemental for 1 turns
 49789 | D:14     | Killed Sojobo
 50070 | D:14     | Killed Mennas
 50434 | Vaults:2 | Noticed Aizul
 50438 | Vaults:2 | Killed Aizul
 50707 | Vaults:2 | Noticed Frederick
 50712 | Vaults:2 | Killed Frederick
 50713 | Vaults:2 | Reached skill level 5 in Dodging
 50815 | Vaults:2 | Noticed Asterion
 50827 | Vaults:2 | Killed Asterion
 50975 | Vaults:2 | Reached XP level 24. HP: 167/167 MP: 21/44
 51057 | Vaults:2 | Noticed Bai Suzhen
 51067 | Vaults:2 | Killed Bai Suzhen
 51490 | Vaults:2 | Reached skill level 24 in Earth Magic
 51793 | Vaults:2 | Learned a level 7 spell: Spellforged Servitor
 51960 | Vaults:3 | Reached skill level 6 in Dodging
 52090 | Vaults:3 | Reached skill level 1 in Summonings
 52177 | Vaults:3 | Reached skill level 5 in Maces & Flails
 52181 | Vaults:3 | Reached skill level 2 in Summonings
 52670 | Vaults:3 | Reached skill level 18 in Spellcasting
 52697 | Vaults:3 | Identified the +1 buckler of Quag {rF++}
 52764 | Vaults:3 | Reached skill level 3 in Summonings
 52884 | Vaults:3 | Found Osirghibo's Antique Armour Shop.
 52887 | Vaults:3 | Bought a pitted leather armour for 266 gold pieces
 52887 | Vaults:3 | Identified the +3 leather armour "Myimehy" {Dex+2} (You
                  | bought it in a shop on level 3 of the Vaults)
 52990 | Vaults:3 | Found a staircase to the Crypt.
 53214 | Vaults:4 | Reached skill level 6 in Maces & Flails
 53363 | Vaults:4 | Reached skill level 7 in Dodging
 53450 | Vaults:4 | Reached skill level 4 in Summonings
 53812 | Vaults:4 | Reached skill level 7 in Maces & Flails
 54102 | Vaults:4 | Reached skill level 5 in Summonings
 54499 | Vaults:4 | Reached skill level 8 in Dodging
 54499 | Vaults:4 | Reached XP level 25. HP: 172/172 MP: 45/45
 54501 | Vaults:5 | Entered Level 5 of the Vaults
 54503 | Vaults:5 | Reached skill level 9 in Dodging
 54504 | Vaults:5 | Reached skill level 6 in Summonings
 54508 | Vaults:5 | Noticed a dread lich
 54513 | Vaults:5 | Killed a dread lich
 54514 | Vaults:5 | Reached skill level 10 in Dodging
 54514 | Vaults:5 | Reached XP level 26. HP: 179/179 MP: 32/45
 54515 | Vaults:5 | Noticed a dread lich
 54521 | Vaults:5 | Killed a dread lich
 54531 | Vaults:5 | Reached skill level 19 in Spellcasting
 54538 | Vaults:5 | Identified the +5 scale mail of Egelosour {-Cast Rampage
                  | rPois Str+6}
 54670 | Vaults:5 | Noticed Jory
 54688 | Vaults:5 | Killed Jory
 54713 | Vaults:5 | Reached skill level 20 in Spellcasting
 55311 | Vaults:5 | Identified the +8 scimitar "Zisinev" {freeze, *Rage rF+
                  | Will+ Int+3 Stlth+}
 55357 | Vaults:5 | Got a silver rune of Zot
 55506 | Vaults:5 | Identified the +7 spear of Psychosis {chaos, rC++ Str+4
                  | Dex-5 Stlth+}
 55508 | Vaults:5 | Got Keizeib's Folio of Shapes and Clouds
 55512 | Vaults:5 | Got the Atlas of Conjuration and the Flock
 55619 | Vaults:5 | Identified the +11 morningstar of Entrepreneurial Spirit
                  | {vorpal, rElec rN+ Int+5 Stlth-}
 55754 | Vaults:5 | Got the Treatise on Enthralling Metal
 56408 | Slime:1  | Entered Level 1 of the Pits of Slime
 57284 | Slime:3  | Reached skill level 21 in Spellcasting
 57412 | Slime:4  | Reached skill level 7 in Summonings
 57862 | Slime:5  | Entered Level 5 of the Pits of Slime
 57951 | Slime:5  | Noticed the Royal Jelly
 58005 | Slime:4  | Reached XP level 27. HP: 171/184 MP: 10/48
 58583 | Slime:5  | Gained mutation: Your flesh is heat resistant. (rF+) [a
                  | shining eye]
 58598 | Slime:5  | Reached skill level 8 in Summonings
 58838 | Slime:5  | Killed the Royal Jelly
 59526 | Slime:5  | Got the Tractate on the Gathered Mortuary
 59534 | Slime:5  | Identified the +3 ring mail of Kyguq {rPois rC+ Int+7
                  | Stlth-}
 59551 | Slime:5  | Identified the +1 leather armour "Ceiriq" {Harm Will- Str+5
                  | Dex-2}
 59560 | Slime:5  | Identified the +4 quarterstaff "Jorooqoh" {distort, *Slow
                  | rPois Str+4}
 59561 | Slime:5  | Identified the +1 robe "Imnaq" {rN+ Int+2}
 59569 | Slime:5  | Got the Cyclopedia of Dark Coordinates
 59612 | Slime:5  | Got the Textbook on the Cursed Birds
 59614 | Slime:5  | Identified the +4 hand axe of Earthquakes {vorpal, Str+6}
 59646 | Slime:5  | Got a slimy rune of Zot
 59657 | Slime:5  | Identified the +3 spear of Due Proportion {chaos, rCorr}
 60249 | Slime:3  | Reached skill level 22 in Spellcasting
 60868 | Pan      | Entered Pandemonium
 61008 | Pan      | Entered the realm of Mnoleg.
 61030 | Pan      | Gained mutation: You occasionally shout uncontrollably at
                  | your foes. [a cacodemon]
 61031 | Pan      | Reached skill level 8 in Maces & Flails
 61056 | Pan      | Lost mutation: You are robust. (+10% HP) [a neqoxec]
 61100 | Pan      | Noticed Mnoleg
 61103 | Pan      | Reached skill level 9 in Maces & Flails
 61106 | Pan      | Paralysed by a floating eye for 2 turns
 61111 | Pan      | Paralysed by a floating eye for 3 turns
 61115 | Pan      | Killed Mnoleg
 61168 | Pan      | Got a glowing rune of Zot
 61331 | Pan      | Noticed Varemo the pandemonium lord
 61334 | Pan      | Reached skill level 10 in Maces & Flails
 61341 | Pan      | Killed Varemo the pandemonium lord
 61350 | Pan      | Reached skill level 11 in Maces & Flails
 61875 | Pan      | Gained mutation: You are frail. (-10% HP) [a neqoxec]
 62076 | Pan      | Reached skill level 12 in Maces & Flails
 62431 | Pan      | Entered the realm of Cerebov.
 62606 | Pan      | Reached skill level 13 in Maces & Flails
 62633 | Pan      | Got the Enchiridion on Mustering
 62673 | Pan      | Got Sif Muna's Commentary on Glaciation and Moulding
 62741 | Pan      | Identified the +2 plate armour of Engeexzo {*Corrode Fly
                  | rC- SInv}
 62874 | Pan      | Identified the +1 pair of gloves of the Morning {Drain
                  | rPois rC+ Slay+5}
 62986 | Pan      | Identified the +0 pair of gloves of Jagomuff {rPois Will+}
 63064 | Pan      | Identified the ring "Hilamp" {rF+ Slay+2 SInv}
 63065 | Pan      | Found the +6 sword of Cerebov {flame}
 63065 | Pan      | Noticed Cerebov
 63075 | Pan      | HP: 1/151 [Cerebov/iron shot (64)]
 63075 | Pan      | Killed from afar by a balrug

Illustrated notes

Levels and vault maps discovered:
D:1:      kennysheep_arrival_seaside, layout_rooms,
          kennysheep_decorative_pillar, nicolae_figureground_sparkle
D:2:      layout_rooms
D:3:      layout_basic, riverfiend_overflow_shadow_ancestor,
          good_gods_mini_temple, minmay_overflow_temple_star_quad, uniq_sigmund
D:4:      layout_loops_ring, serial_shops, shop, serial_co_window_serial,
          co_window_of_opportunity_a, co_window_paths_b,
          co_window_of_opportunity_a, co_window_corner_a, co_window_corner_a,
          co_window_paths_b, co_window_of_opportunity_a, co_window_paths_b,
          co_window_paths_a, co_window_broadway_c, co_window_of_opportunity_b,
          co_window_unsneaky_path_c, co_window_corner_b, co_window_corner_b,
          co_window_broadway_b, co_window_paths_d, glass_columns_a,
          glass_columns_b, glass_columns_b, enter_ossuary_4, moated_statue,
          minmay_shop_damaged
D:5:      layout_loops_ring, serial_shops, nicolae_shop_stone, st_stairs_2,
          uniq_edmund
D:6:      layout_basic, mainiacjoe_overflow_paths,
          minmay_temple_entry_enclosed_plants
D:7:      layout_basic
D:8:      layout_loops_ring, grunt_ministairs_12, roderic_serpentine_path,
          dk_noncrumbling_4
D:9:      old_forge, layout_irregular_city, lemuel_zombie_altar_yredelemnul,
          grunt_qazlal_clouds, gammafunk_ghost_smash
D:10:     layout_basic, kennysheep_little_box, david_lair_generic,
          enter_bailey_3
D:11:     layout_basic
D:12:     layout_basic, hiddenorc2_lemuel, gauntlet_entry_generic
D:13:     layout_roguey, minivault_16
D:14:     layout_loops_ring, ximxim_vaults_locker_room,
          infiniplex_staircase_zigzag_2, corner_web_ring
D:15:     gammafunk_depths_entry_grave, layout_cave_pools, serial_shops,
          nicolae_shop_crystal, gammafunk_ghost_grave
Temple:   dpeg_chambers_temple
Lair:1:   wad_woods_stonehenge, layout_layer_cave, uniq_sonja
Lair:2:   layout_chaotic_city, basic_altar, minivault_26, uniq_fannar,
          uniq_urug, uniq_prince_ribbit2, uniq_erica
Lair:3:   layout_long_grid, elwin_shoals_entry_rocks,
          minmay_snake_entry_guardpost_small, uniq_amaemon
Lair:4:   layout_cave_pods, slime_entry_1, guppyfry_lair_drakes,
          grunt_megastairs_2
Lair:5:   hellmonk_lair_end_abyssal_woods, layout_loops_ring
Shoals:1: nicolae_shoals_lighthouse, layout_shoals, serial_shops,
          nicolae_shop_bloodbath_and_beyond, hangedman_shoals_cup_caves
Shoals:2: layout_shoals, uniq_ilsuiw
Shoals:3: layout_shoals, uniq_donald, uniq_polyphemus
Shoals:4: shoals_end_simple, layout_shoals, uniq_mara
Snake:1:  layout_chambers, minmay_shop_star
Snake:2:  layout_chambers, portal_ice_cave_entry_frozen_things, uniq_agnes
Snake:3:  layout_cave_town, nicolae_snake_slithery_corners,
          nicolae_snake_salamander_zone, serial_bayou_shore_a
Snake:4:  grunt_snake_rune_serpentine_throne, layout_rooms, grunt_megastairs_1,
          uniq_nikola
Slime:1:  layout_caves, cheibrodos_slime_lost_civilization_6
Slime:2:  layout_caves
Slime:3:  layout_caves
Slime:4:  layout_caves, nicolae_slime_barrier
Slime:5
Orc:1:    layout_diamond_mine, ebering_ghost_xom
Orc:2:    grunt_orc_cross, layout_caves, basic_altar, serial_shops, shop
Elf:1:    nicolae_elf_arrival_fired_up, layout_onion_city,
          minmay_elf_necromancy, lemuel_upstairs_altar
Elf:2:    nicolae_elf_blades_crystal_corner, layout_rooms, serial_shops,
          nicolae_shop_trees, shop, st_stairs_6, uniq_roxanne, uniq_louise
Elf:3:    minmay_elf_hall_quartered_circle, layout_geoelf_diagonals
Vaults:1: gammafunk_ghost_ooze, gammafunk_the_bubble
          [the_bubble_gammafunk_plus_minus], nicolae_vaults_circle_grid_a,
          v_misc_22, nicolae_vaults_network_periphery, vaults_mumra_chevron,
          hangedman_vaults_capsules, v_misc_33, vaults_standard_mumra_x,
          ontoclasm_vaults_shuriken, v_pattern_1, ontoclasm_vaults_hangar,
          nicolae_vaults_little_squares_5, ontoclasm_vaults_hangar,
          ontoclasm_vaults_ligature, vaults_mumra_hex, layout_vaults_omnicross
Vaults:2: nicolae_vaults_mini_display_case, dpeg_vaults_monster_row,
          vaults_dpeg_encased_lava, ontoclasm_vaults_loading_screen,
          vaults_standard_mumra_lines, vaults_room_stairs_pillars,
          ontoclasm_vaults_idyll, ontoclasm_vaults_eye,
          vaults_dpeg_emergency_exit, layout_vaults_chaotic_city, uniq_mennas,
          uniq_aizul, uniq_asterion, uniq_sojobo, uniq_bai_suzhen,
          uniq_frederick
Vaults:3: nicolae_vaults_stairing_the_circle, vaults_dpeg_hooks, v_misc_15,
          minmay_crypt_entry_nasty_monster, ontoclasm_vaults_hangar,
          grunt_vaults_diagonal, ontoclasm_vaults_ring_small, vaults_dpeg_cross,
          nicolae_vaults_arrows, vaults_room_stairs_pillars,
          vaults_room_hallway, hangedman_vaults_impose,
          nicolae_vaults_shelves_hall, hangedman_vaults_cutoff, v_misc_24,
          nicolae_vaults_little_squares_5, layout_vaults_maze, serial_shops,
          nicolae_shop_behind_doors
Vaults:4: vaults_room_ringed_pool, ontoclasm_vaults_hangar,
          ontoclasm_vaults_decontamination, nicolae_vaults_alarming, v_misc_33,
          nicolae_vaults_little_ls, vaults_room_boxed,
          nicolae_vaults_little_squares_2, layout_vaults_omnigrid
Vaults:5: uniq_jory
Depths:1: layout_roguey [special_room_morgue], enter_ziggurat_f,
          nicolae_lava_and_water, serial_shops, shop, hell_entry,
          feat_on_display, grunt_megastairs_5
Depths:2: lemuel_castle_with_subvaults [lemuel_castle_interior_carwin_3],
          layout_basic, rand_demon_pan_entry_3, hell_entry,
          nicolae_sif_muna_condensation, minmay_shop_grove,
          infiniplex_staircase_pool_2
Depths:3: kennysheep_ambush_hall, layout_honeycomb, minmay_misc_feat_cross,
          nicolae_hell_entry_hellmouth_sunbeams, serial_shops, shop, shop,
          nicolae_shop_behind_doors, nicolae_inconvenience_store,
          abyss_entry_small_statue_room, infiniplex_staircase_pillars_3a,
          uniq_boris
Pan:      evilmike_mini_pan_V, layout_chambers, pan_blood_fountain, mnoleg,
          layout_irregular_city, grunt_pan_pentagram, layout_pan_divisions_a
          [pan_division_quadrant_a1, pan_division_quadrant_a4,
          pan_division_quadrant_a2, pan_division_quadrant_a2,
          pan_division_octagon_halves], nicolae_pan_cerebovesque_1,
          rand_demon_2, layout_cellular_growth, nicolae_pan_sigil_nadil,
          evilmike_mini_pan_possible_glass, layout_long_grid,
          evilmike_mini_pan_doors, layout_gridville, cerebov_st,
          layout_irregular_city

Skill      XL: |  1  2  3  4  5  6  7  8  9 10 11 12 13 14 15 16 17 18 19 20 21 22 23 24 25 26 27 |
---------------+----------------------------------------------------------------------------------+-----
Transmutations | 1 2 |  2.0
Earth Magic    | 4 5 8 10 11 12 13 15 16 17 19 20 21 22 23 24 | 24.0
Dodging        | 2 4 5 8 10 | 10.0
Stealth        | 3 |  3.0
Spellcasting   | 3 4 5 7 8 10 12 13 14 15 16 17 18 21 22 | 22.0
Conjurations   | 1 2 5 8 9 10 12 13 14 | 14.0
Fighting       | 4 5 7 10 12 14 16 | 16.0
Ice Magic      | 1 4 5 6 7 8 |  8.0
Air Magic      | 2 3 4 5 6 |  6.0
Armour         | 4 6 8 12 14 16 | 16.0
Hexes          | 2 |  2.0
Evocations     | 1 5 |  5.0
Shields        | 8 11 12 14 15 16 | 16.0
Staves         | 1 5 |  5.0
Maces & Flails | 4 7 13 | 13.6
Polearms       | 3 7 9 |  9.5
Summonings     | 5 6 7 8 |  8.0

Action                   |  1- 3 |  4- 6 |  7- 9 | 10-12 | 13-15 | 16-18 | 19-21 | 22-24 | 25-27 || total
-------------------------+-------+-------+-------+-------+-------+-------+-------+-------+-------++-------
Melee: Unarmed           |    31 |       |       |       |       |       |       |       |       ||    31
       Short sword       |    44 |       |       |       |       |       |       |       |       ||    44
       Dagger            |    18 |    13 |    33 |       |       |       |       |       |       ||    64
       Mace              |    15 |       |       |       |       |       |       |       |       ||    15
       Flail             |       |       |    68 |    72 |       |       |       |       |       ||   140
       Punch             |       |       |       |     2 |       |       |       |       |       ||     2
       Scimitar          |       |       |       |    66 |   145 |   243 |   153 |       |       ||   607
       Staff             |       |       |       |       |   184 |       |       |       |       ||   184
       Spear             |       |       |       |       |   113 |   391 |       |       |    91 ||   595
       Trident           |       |       |       |       |       |       |   268 |   272 |    49 ||   589
       Eveningstar       |       |       |       |       |       |       |    60 |    45 |    42 ||   147
       Sacred scourge    |       |       |       |       |       |       |       |       |   138 ||   138
Throw: Boomerang         |       |       |       |       |     1 |       |       |       |       ||     1
       Javelin           |       |       |       |       |       |     5 |     8 |     5 |       ||    18
       Throwing net      |       |       |       |       |       |       |     1 |       |       ||     1
 Cast: Sandblast         |    45 |    44 |   150 |   246 |    52 |    12 |     3 |       |       ||   552
       Stone Arrow       |       |     7 |    33 |   132 |   185 |   144 |    94 |       |    10 ||   605
       Petrify           |       |       |     1 |     2 |       |       |       |       |       ||     3
       Ozocubu's Armour  |       |       |       |     5 |     1 |       |       |       |       ||     6
       Wereblood         |       |       |       |     4 |     5 |     1 |     1 |     1 |     1 ||    13
       Freezing Cloud    |       |       |       |     7 |    82 |   127 |   129 |    86 |    45 ||   476
       Hailstorm         |       |       |       |     4 |     7 |       |       |       |       ||    11
       Frozen Ramparts   |       |       |       |     3 |    32 |    23 |    23 |     5 |       ||    86
       Iron Shot         |       |       |       |       |    30 |   115 |   240 |   460 |   371 ||  1216
       Lee's Rapid Decon |       |       |       |       |     3 |    19 |    25 |     4 |     1 ||    52
       Tukima's Dance    |       |       |       |       |     2 |       |       |       |       ||     2
       Lehudib's Crystal |       |       |       |       |       |       |    41 |    60 |    39 ||   140
       Shatter           |       |       |       |       |       |       |     3 |     9 |    37 ||    49
       Spellforged Servi |       |       |       |       |       |       |       |       |    11 ||    11
Evoke: Wand              |       |     2 |     1 |       |    10 |     7 |     3 |       |       ||    23
       Box of beasts     |       |       |       |       |     1 |     2 |     1 |     1 |       ||     5
       Tin of tremorston |       |       |       |       |       |       |       |     2 |       ||     2
       Condenser vane    |       |       |       |       |       |       |       |     1 |     2 ||     3
       Phial of floods   |       |       |       |       |       |       |       |     1 |       ||     1
       Phantom mirror    |       |       |       |       |       |       |       |     1 |       ||     1
  Use: Scroll            |       |       |     7 |    12 |     3 |    11 |     8 |     8 |    12 ||    61
       Potion            |       |       |     1 |    11 |     6 |    13 |     3 |     6 |    13 ||    53
 Stab: Sleeping          |     5 |     2 |     6 |       |       |       |       |       |       ||    13
       Petrified         |       |       |     9 |       |       |       |       |       |       ||     9
       Petrifying        |       |       |     1 |       |       |       |       |       |       ||     1
Armor: Robe              |    67 |    22 |    46 |       |       |       |       |       |       ||   135
       Scale mail        |       |       |    58 |   396 |   209 |   232 |       |       |       ||   895
       Ice dragon scales |       |       |       |       |       |   169 |   481 |   340 |   624 ||  1614
Dodge: Dodged            |   110 |    41 |   124 |   261 |    52 |   105 |   149 |    65 |   187 ||  1094
Block: Other             |       |       |       |    37 |       |       |       |       |       ||    37
       Reflection        |       |       |       |     3 |       |       |       |       |       ||     3
       Kite shield       |       |       |       |       |   838 |  1262 |  1299 |   804 |  1046 ||  5249

Table legend: (Time is in decaauts)
 A = Elapsed time spent in this place.
 B = Non-inter-level travel time spent in this place.
 C = Inter-level travel time spent in this place.
 D = Time resting spent in this place.
 E = Time spent auto-exploring this place.
 F = Levels seen in this place.
 G = Mean time per level.
                   A        B        C        D        E       F      G
               +--------+--------+--------+--------+--------+-----+--------+
         Total |  63757 |  60306 |   3451 |  16318 |  15629 |  58 | 1099.3 |
       Dungeon |  15459 |  14363 |   1096 |   2935 |   4129 |  15 | 1030.6 |
        Temple |    212 |    212 |      0 |      0 |    131 |   1 |  212.0 |
          Lair |   6987 |   6178 |    809 |   1821 |   1617 |   5 | 1397.4 |
        Shoals |   4818 |   4677 |    141 |    958 |   2470 |   4 | 1204.5 |
     Snake Pit |   5443 |   5229 |    214 |   1036 |   1543 |   4 | 1360.8 |
    Slime Pits |   3987 |   3854 |    133 |   2178 |    175 |   5 |  797.4 |
  Orcish Mines |   2161 |   1872 |    289 |    362 |    401 |   2 | 1080.5 |
   Elven Halls |   4835 |   4707 |    128 |   1500 |   1122 |   3 | 1611.7 |
        Vaults |   7961 |   7540 |    421 |   1531 |   1742 |   5 | 1592.2 |
        Depths |   6284 |   6067 |    217 |   2048 |   1662 |   3 | 2094.7 |
   Pandemonium |   2161 |   2161 |      0 |    314 |    474 |   7 |  308.7 |
       Ossuary |    617 |    617 |      0 |    268 |      0 |   1 |  617.0 |
        Bailey |    455 |    455 |      0 |    218 |     14 |   1 |  455.0 |
      Ice Cave |   1782 |   1782 |      0 |   1015 |      0 |   1 | 1782.0 |
      Gauntlet |    588 |    588 |      0 |    134 |    149 |   1 |  588.0 |
               +--------+--------+--------+--------+--------+-----+--------+

Top non-repeatable levels by time:
Depths:1: 2666 daAuts
 Slime:4: 2056 daAuts
Depths:2: 1987 daAuts
Vaults:1: 1981 daAuts
    D:14: 1792 daAuts
   IceCv: 1782 daAuts
Vaults:2: 1681 daAuts
   Elf:2: 1676 daAuts
   Elf:3: 1633 daAuts
Depths:3: 1630 daAuts
Shoals:1: 1617 daAuts
  Lair:1: 1541 daAuts
  Lair:5: 1536 daAuts
   Elf:1: 1525 daAuts
Vaults:5: 1521 daAuts
